 Dungeon Crawl Stone Soup version 0.29.1-2-gbd0b4ee654 (webtiles) character file.

Game seed: 484283287444219325

118127 Icepheonix32 the Severer (level 16, -1/146 HPs)
             Began as a Minotaur Fighter on Nov 11, 2022.
             Was the Champion of Okawaru.
             Slain by an entropy weaver (5 damage)
             ... on level 1 of the Spider Nest on Nov 16, 2022.
             The game lasted 01:21:20 (34260 turns).

Icepheonix32 the Severer (Minotaur Fighter)        Turns: 34260, Time: 01:21:20

Health: -1/146     AC: 11    Str: 28    XL:     16   Next: 24%
Magic:  23/23      EV: 19    Int: 12    God:    Okawaru [******]
Gold:   1873       SH:  0    Dex: 19    Spells: 7/24 levels left

rFire   + . .      SeeInvis +   Q - +11 war axe "Wiagem" {freeze, Will- Int+4 SInv Stlth+}
rCold   + . .      Faith    +   t - orb {mayhem}
rNeg    . . .      Spirit   .   D - +3 ring mail of Absolutism {Will+ Str+6 Dex-2}
rPois   +          Reflect  .   p - +1 hat "Uleleru" {Rampage}
rElec   .          Harm     .   T - +1 cloak {Will+}
rCorr   .          Rampage  +   o - +0 pair of gloves of the Eagle {rPois rC+ Int-5}
Will    +++..                   X - +2 pair of boots
Stlth   +++.......              j - amulet of faith
HPRegen 0.34/turn               h - +6 ring of intelligence
MPRegen 0.18/turn               K - +6 ring of dexterity

@: corroded
A: horns 2, retaliatory headbutt, talons 1, fire resistance 1, strong-willed 1,
evolution 1
a: Renounce Religion, Heroism, Finesse, Duel


You were on level 1 of the Spider Nest.
You worshipped Okawaru.
Okawaru was exalted by your worship.
You visited 4 branches of the dungeon, and saw 24 of its levels.

You collected 3495 gold pieces.
You spent 1622 gold pieces at shops.

Inventory:

Hand Weapons
 a - a +7 broad axe of protection
 c - a +2 falchion of holy wrath
 f - the +6 war axe of Domination {vorpal, Int+8}
   (You found it on level 3 of the Dungeon)

   It inflicts extra damage upon your enemies.
   Int:       It affects your intelligence (+8).
 Q - the +11 war axe "Wiagem" (weapon) {freeze, Will- Int+4 SInv Stlth+}
   (Okawaru gifted it to you on level 2 of the Lair of Beasts)

   It freezes those it strikes, dealing additional cold damage.
   It can also slow down cold-blooded creatures.
   Int:       It affects your intelligence (+4).
   SInv:      It lets you see invisible.
   Will:      It decreases your willpower.
   Stlth:     It makes you more stealthy.
Missiles
 g - 4 javelins
 k - 10 poisoned darts
 x - 3 datura-tipped darts
 y - 3 silver javelins
Armour
 l - the +1 leather armour "Janacku" {rElec}
   (You found it on level 13 of the Dungeon)

   rElec:     It insulates you from electricity.
 o - the +0 pair of gloves of the Eagle (worn) {rPois rC+ Int-5}
   (Okawaru gifted it to you on level 14 of the Dungeon)

   Int:       It affects your intelligence (-5).
   rC:        It protects you from cold.
   rPois:     It protects you from poison.
 p - the +1 hat "Uleleru" (worn) {Rampage}
   (Okawaru gifted it to you on level 11 of the Dungeon)

   Rampage:   It bestows one free step when moving towards enemies.
 r - a +0 pair of gloves
 t - an orb of mayhem (worn)
 D - the +3 ring mail of Absolutism (worn) {Will+ Str+6 Dex-2}
   (You found it on level 8 of the Dungeon)

   Str:       It affects your strength (+6).
   Dex:       It affects your dexterity (-2).
   Will:      It increases your willpower.
 E - the +1 cloak of the Thirteen Hells {rN+ rCorr}
   (Okawaru gifted it to you on level 1 of the Spider Nest)

   rN:        It protects you from negative energy.
   rCorr:     It protects you from acid and corrosion.
 L - the +2 plate armour of Mental Paralysis {rN+ Stlth+}
   (Okawaru gifted it to you on level 9 of the Dungeon)

   rN:        It protects you from negative energy.
   Stlth:     It makes you more stealthy.
 O - +1 steam dragon scales
 T - a +1 cloak of willpower (worn)
 X - a +2 pair of boots (worn)
Jewellery
 h - a +6 ring of intelligence (left hand)
 j - an amulet of faith (around neck)
 K - a +6 ring of dexterity (right hand)
 R - the ring of Wuriseq {Ice SInv}
   (You found it on level 10 of the Dungeon)

   [ring of ice]

   It enhances your ice magic.
   rF:        It makes you vulnerable to fire.
   rC:        It protects you from cold.
   SInv:      It lets you see invisible.
Wands
 b - a wand of polymorph (28)
 A - a wand of acid (6)
 B - a wand of flame (42)
 I - a wand of iceblast (11)
 J - a wand of mindburst (3)
 W - a wand of digging (3)
Scrolls
 n - 6 scrolls of magic mapping
 s - 3 scrolls of blinking
 v - 6 scrolls of identify
 C - 4 scrolls of teleportation
 F - a scroll of torment
 N - 2 scrolls of silence
 S - 3 scrolls of amnesia
Potions
 d - 6 potions of mutation
 e - 11 potions of curing
 m - a potion of cancellation
 q - a potion of ambrosia
 u - 3 potions of brilliance
 w - a potion of might
 z - 3 potions of attraction
 G - a potion of flight
 H - 2 potions of heal wounds
 M - 2 potions of invisibility
 P - 2 potions of lignification
 U - 4 potions of haste
 V - a potion of magic
 Y - 3 potions of resistance
 Z - 4 potions of berserk rage
Miscellaneous
 i - a condenser vane


   Skills:
 + Level 14.1 Fighting
 + Level 3.2 Short Blades
 + Level 17.2 Axes
 + Level 0.6 Throwing
 + Level 11.9 Armour
 * Level 11.5 Dodging
 + Level 4.6 Stealth
 - Level 5.7 Shields
 + Level 4.9 Spellcasting
 + Level 1.8 Conjurations
 + Level 4.5 Hexes
 + Level 8.1 Earth Magic
 * Level 10.9 Invocations
 + Level 2.0 Evocations


You had 7 spell levels left.
You knew the following spells:

 Your Spells              Type           Power      Damage    Failure   Level
a - Magic Dart            Conj           28%        1d4       13%         1
b - Searing Ray           Conj           14%        2d5       19%         2
c - Leda's Liquefaction   Hex/Erth       9%         N/A       19%         4
d - Stone Arrow           Conj/Erth      28%        3d8       11%         3
e - Lee's Rapid Deconstr  Erth           11%        3d9*      26%         5
f - Passwall              Tmut/Erth      10%        N/A       8%          2

Your spell library contained the following spells:

 Spells                   Type           Power      Damage    Failure   Level
 Sandblast                Erth           44%        2d11      1%          1
 Apportation              Tloc           4%         N/A       26%         1
 Beastly Appendage        Tmut           6%         N/A       26%         1
 Necrotise                Necr           8%         1d4       26%         1
 Static Discharge         Conj/Air       5%         3-4/arc   28%         2
 Portal Projectile        Hex/Tloc       16%        N/A       30%         3
 Wereblood                Tmut           3%         N/A       36%         2
 Poisonous Vapours        Pois/Air       4%         N/A       38%         2
 Fulminant Prism          Conj/Hex       5%         3d7       56%         4
 Spider Form              Tmut/Pois      3%         N/A       61%         3
 Iskenderun's Mystic Bla  Conj/Tloc      5%         2d3       88%         4
 Sticky Flame             Conj/Fire      5%         2d3       88%         4
 Corpse Rot               Necr/Pois/Air  2%         N/A       95%         4
 Dispel Undead            Necr           2%         3d7       95%         4
 Maxwell's Capacitive Co  Air            1%         ∞         100%        8
 Summon Small Mammal      Summ           Unusable   N/A       N/A         1
 Call Canine Familiar     Summ           Unusable   N/A       N/A         3
 Summon Lightning Spire   Summ/Air       Unusable   N/A       N/A         4

Dungeon Overview and Level Annotations

Branches:
Dungeon (15/15)            Temple (0/1) D:6            Lair (5/5) D:11
 Shoals (0/4) Lair:3       Spider (2/4) Lair:3        Slime (0/5) Lair:4
    Orc (2/2) D:9             Elf (0/3) Orc:2        Vaults (0/5) D:14
 Depths (0/4) D:15

Altars:
Elyvilon
Gozag
Kikubaaqudgha
Makhleb
Nemelex Xobeh
Okawaru
Qazlal
Ru
Trog
Xom
Zin
The Shining One
Jiyva

Shops:
D:4 (   D:9 *   Orc:2 =[!?((*(

Annotations:
D:4 2 transporters
Spider:2 Arachne


Innate Abilities, Weirdness & Mutations

You have a pair of horns on your head.
You reflexively headbutt those who attack you in melee.
You have sharp toenails.
Your flesh is heat resistant. (rF+)
You are strong-willed. (Will+)
You have hidden genetic potential.


Message History

You closely miss the redback.
The entropy weaver completely misses you.
The entropy weaver hits you but does no damage.
The entropy weaver hits you!
The entropy weaver completely misses you.
The redback bites you but does no damage.
You hit the entropy weaver. You freeze the entropy weaver.
Your headbutt misses the entropy weaver.
The entropy weaver is almost dead.
You hit the redback. You freeze the redback. The entropy weaver misses you.
The entropy weaver hits you but does no damage.
The entropy weaver misses you. The entropy weaver closely misses you.
The redback bites you!
You barely miss the entropy weaver.
You headbutt the entropy weaver, but do no damage.
The entropy weaver is almost dead.
You slash the redback! You freeze the redback.
You kill the redback!
Okawaru accepts your kill.
The entropy weaver flies into a frenzy!
The entropy weaver barely misses you. The entropy weaver misses you.
The entropy weaver hits you! The entropy weaver closely misses you.
You closely miss the entropy weaver.
You headbutt the entropy weaver, but do no damage.
The entropy weaver is almost dead.
The entropy weaver hits you! The entropy weaver closely misses you.
The entropy weaver hits you but does no damage.
The entropy weaver hits you!!
You closely miss the entropy weaver.
The entropy weaver is almost dead.
The entropy weaver hits you!
* * * LOW HITPOINT WARNING * * *
The entropy weaver hits you but does no damage.
The entropy weaver hits you!!
* * * LOW HITPOINT WARNING * * *
The entropy weaver barely misses you. The entropy weaver hits you!!
* * * LOW HITPOINT WARNING * * *
The entropy weaver hits you but does no damage. x2
The entropy weaver hits you.
You die...

##..#....#..#.#.#....#.
#....##..#)...#........
######.#..^#....#.......#...
#≈≈..#......#^....#.#.(..#.#
##≈≈#.......#.###........#...
#≈≈≈≈..##........#..#..^##..#
###≈≈#~..##..#.#.#...#..#...#
#~#~#^#...B.#....#..#....#^.
###.#^#..#...@.^.........#....
##.#.......###..#^##^..#.....#.
##.....##..^#..#....##...#..#.#.
##...^.........#.......#...^##...
≈##.##.#.##..#.#^#..#.#..........
#~..#.....#..#..#.#.......#.....#
≈#..###......#...............#...
~#.......#.........#..#....#.....
......###.#...#...#.#...#.##..#..


You could see a neutral entropy weaver (fast, strong, insane).

Vanquished Creatures
  Asterion (Spider:1)
  Frances (Spider:2)
  Kirke (D:12)
  An emperor scorpion (Spider:1)
  Aizul (Spider:1)
  A broodmother (shapeshifter) (D:13)
  An ironbound preserver (D:14)
  The ghost of qeuew the Cleaver, a journeyman HOFi of Ashenzari (Orc:1)
  An entropy weaver (Spider:2)
  3 dire elephants (Lair:5)
  Josephine (D:13)
  A rakshasa (D:15)
  Fannar (D:11)
  A great orb of eyes (D:15)
  The ghost of Mitcholas the Fighter, a journeyman DjFE of Ashenzari (D:10)
  8 hydras
  Erolcha (D:11)
  6 centaur warriors
  2 boulder beetles (D:15)
  A catoblepas (D:14)
  2 ogre magi (D:15)
  15 two-headed ogres
  4 death yaks
  3 tengu warriors
  2 orc high priests (Orc:2)
  A spectral death yak (Lair:5)
  A fire crab (shapeshifter) (D:15)
  4 pharaoh ants
  Lodul (D:14)
  A spectral anaconda (Lair:5)
  A steelbarb worm (Spider:2)
  An obsidian statue (Lair:5)
  2 wizards (D:14)
  A lindwurm (Lair:5)
  Pikel (D:8)
  4 deep elf pyromancers (D:15)
  4 orc knights
  3 necromancers (Lair:5)
  The ghost of Icepheonix32 the Changer, a novice DgTm (D:7)
  4 orc sorcerers
  7 wolf spiders
  4 cyclopes
  3 ugly things (D:15)
  11 slime creatures
  11 elephants
  2 manticores
  A centaur zombie (D:10)
  A guardian serpent (shapeshifter) (D:14)
  10 black mambas
  A torpor snail (Spider:1)
  2 gargoyles
  Maggie (D:9)
  15 cane toads
  A rime drake (Lair:1)
  3 unseen horrors
  A dire elephant skeleton (Lair:5)
  A yaktaur (D:15)
  3 demonic crawlers (Spider:2)
  A freezing wraith (D:14)
  4 komodo dragons (Lair:5)
  A tengu conjurer (D:15)
  8 trolls
  A hornet (D:9)
  2 polar bears
  A meliai (Spider:2)
  Prince Ribbit (D:7)
  4 tarantellas
  Grinder (D:5)
  20 blink frogs
  A vampire (D:11)
  5 jumping spiders
  A centaur simulacrum (D:14)
  5 wraiths (D:13)
  8 culicivoras
  6 basilisks
  4 wyverns
  A water elemental (D:11)
  A basilisk (shapeshifter) (D:15)
  4 humans (D:12)
  19 redbacks
  32 yaks
  10 vampire mosquitoes
  2 death yak simulacra (Lair:5)
  A steam dragon (D:9)
  3 hogs (D:12)
  Menkaure (D:4)
  A warg (Orc:1)
  3 acid dragons
  7 water moccasins
  Duvessa (D:6)
  10 orc warriors
  An ice beast (D:7)
  3 sky beasts
  2 black bears
  19 ogres
  3 elephant skeletons (Lair:5)
  9 wolves (Lair:2)
  21 centaurs
  2 lemures (D:8)
  7 bullfrogs
  2 gnoll sergeants
  3 necrophages
  A cane toad simulacrum (Lair:5)
  8 scorpions
  3 wights (D:7)
  Dowan (D:6)
  4 elephant simulacra (Lair:5)
  8 killer bees
  3 electric eels
  4 howler monkeys (D:9)
  5 hounds
  A jelly (D:5)
  8 orc priests
  A gnoll bouda (D:5)
  A spectral boggart (D:10)
  Jessica (D:2)
  8 iguanas
  24 orc wizards
  A boggart simulacrum (D:10)
  21 gnolls
  9 adders
  A shadow imp (D:8)
  3 white imps
  2 worms
  2 dart slugs
  59 orcs
  4 bats
  5 endoplasms
  5 giant cockroaches
  11 hobgoblins
  8 jackals
  2 quokkas (D:3)
  10 ball pythons
  2 frilled lizards
  6 goblins
  9 kobolds
  5 rats
  A butterfly (Lair:2)
658 creatures vanquished.

Vanquished Creatures (collateral kills)
  An orc high priest (Orc:2)
  A necromancer (Lair:5)
  2 orc sorcerers (Orc:2)
  An ugly thing (D:15)
  5 elephants
  A torpor snail (Spider:1)
  A komodo dragon (Lair:2)
  A meliai (Spider:2)
  3 tarantellas
  2 slime creatures (D:15)
  A dream sheep (shapeshifter) (D:15)
  A jumping spider (Spider:2)
  9 yaks
  A basilisk (Lair:5)
  3 redbacks
  A water moccasin (Lair:5)
  3 orc warriors (Orc:2)
  An ogre (D:15)
  A bullfrog (Lair:1)
  3 orc priests (Orc:2)
  2 orc wizards (Orc:2)
  5 orcs
  2 giant cockroaches (Lair:3)
51 creatures vanquished.

Vanquished Creatures (others)
  An orc knight (Orc:2)
  A blink frog (Lair:2)
  A jumping spider (Spider:1)
  2 culicivoras
  2 redbacks (Spider:2)
  3 yaks (Lair:5)
  An ogre (Orc:2)
  An orc wizard (D:9)
  An orc (Orc:2)
  18 fungi
  36 plants
  29 withered plants (Lair:5)
96 creatures vanquished.

Grand Total: 805 creatures vanquished

Notes
Turn   | Place    | Note
-------+----------+-------------------------------------------
     0 | D:1      | Icepheonix32 the Minotaur Fighter began the quest for the
                  | Orb.
     0 | D:1      | Reached XP level 1. HP: 19/19 MP: 0/0
   189 | D:1      | Reached XP level 2. HP: 27/27 MP: 1/1
   833 | D:1      | Identified a scroll of acquirement
   964 | D:2      | Reached XP level 3. HP: 33/33 MP: 2/2
   988 | D:2      | Found a faded altar of an unknown god.
  1420 | D:2      | Reached skill level 1 in Short Blades
  1483 | D:2      | Noticed Jessica
  1485 | D:2      | Reached XP level 4. HP: 40/40 MP: 3/3
  1495 | D:2      | Killed Jessica
  1984 | D:3      | Reached skill level 5 in Armour
  2026 | D:3      | Noticed an ogre
  2036 | D:3      | Killed an ogre
  2037 | D:3      | Reached XP level 5. HP: 38/47 MP: 4/4
  2155 | D:3      | Found a blossoming altar of Fedhas.
  2158 | D:3      | Found a sacrificial altar of Ru.
  2158 | D:3      | Found an ancient bone altar of Kikubaaqudgha.
  2160 | D:3      | Found a sparkling altar of Nemelex Xobeh.
  2160 | D:3      | Found an iron altar of Okawaru.
  2160 | D:3      | Found a shimmering altar of Xom.
  2354 | D:3      | Reached skill level 1 in Stealth
  2371 | D:3      | Reached skill level 1 in Dodging
  2371 | D:3      | Reached XP level 6. HP: 53/53 MP: 5/5
  2474 | D:3      | Identified the +6 war axe of Domination {vorpal, Int+8}
  2587 | D:4      | Noticed Menkaure
  2592 | D:4      | Killed Menkaure
  2593 | D:4      | Reached skill level 5 in Fighting
  2777 | D:4      | Noticed a sky beast
  2789 | D:4      | Killed a sky beast
  2790 | D:4      | Reached skill level 3 in Axes
  2790 | D:4      | Reached XP level 7. HP: 45/61 MP: 6/6
  3008 | D:4      | Found Asifeaz's Antique Weapon Shoppe.
  3047 | D:4      | Found a transporter.
  3073 | D:4      | Found a transporter.
  3081 | D:4      | Found a burning altar of Makhleb.
  3139 | D:4      | Found an iron altar of Okawaru.
  3147 | D:4      | Became a worshipper of Warmaster Okawaru
  3196 | D:4      | Found a sparkling altar of Nemelex Xobeh.
  3196 | D:4      | Found a bloodstained altar of Trog.
  3351 | D:5      | Entered Level 5 of the Dungeon
  3359 | D:5      | Reached skill level 4 in Axes
  3386 | D:5      | Found an ancient bone altar of Kikubaaqudgha.
  3393 | D:5      | Reached skill level 1 in Invocations
  3402 | D:5      | Reached * piety under Okawaru
  3416 | D:5      | Reached skill level 1 in Spellcasting
  3422 | D:5      | Reached XP level 8. HP: 45/70 MP: 8/8
  3684 | D:5      | Noticed Grinder
  3695 | D:5      | Paralysed by Grinder for 2 turns
  3708 | D:5      | Killed Grinder
  3709 | D:5      | Reached skill level 5 in Axes
  4146 | D:5      | Reached ** piety under Okawaru
  4370 | D:6      | Found a staircase to the Ecumenical Temple.
  4374 | D:6      | Reached skill level 6 in Axes
  4497 | D:6      | Reached skill level 7 in Axes
  4497 | D:6      | Reached skill level 5 in Shields
  4627 | D:6      | Identified the +1 robe "Qijadaeg" {Int+3}
  5316 | D:6      | Noticed Duvessa
  5316 | D:6      | Noticed Dowan
  5325 | D:6      | Killed Dowan
  5326 | D:6      | Reached XP level 9. HP: 63/78 MP: 11/11
  5327 | D:6      | Killed Duvessa
  5524 | D:6      | Found a white marble altar of Elyvilon.
  5524 | D:6      | Found a glowing silver altar of Zin.
  5524 | D:6      | Found a glowing golden altar of the Shining One.
  5616 | D:7      | Noticed Prince Ribbit
  5618 | D:7      | Killed Prince Ribbit
  5618 | D:7      | Reached *** piety under Okawaru
  5668 | D:7      | Reached skill level 8 in Axes
  5961 | D:7      | Found a runed translucent door.
  6104 | D:7      | Noticed Icepheonix32's ghost (novice DgTm)
  6116 | D:7      | Killed Icepheonix32's ghost
  6116 | D:7      | Reached **** piety under Okawaru
  6117 | D:7      | Reached skill level 9 in Axes
  6407 | D:7      | Found a sacrificial altar of Ru.
  6521 | D:8      | Reached XP level 10. HP: 51/86 MP: 13/13
  6601 | D:8      | Found a stormy altar of Qazlal.
  6859 | D:8      | Noticed Pikel
  6872 | D:8      | Killed Pikel
  7025 | D:8      | Identified the +3 ring mail of Absolutism {Will+ Str+6
                  | Dex-2}
  7038 | D:8      | Reached ***** piety under Okawaru
  7039 | D:8      | Reached skill level 10 in Axes
  7208 | D:8      | Learned a level 1 spell: Magic Dart
  7211 | D:8      | Learned a level 2 spell: Searing Ray
  7216 | D:8      | Learned a level 4 spell: Leda's Liquefaction
  8021 | D:9      | Reached skill level 1 in Earth Magic
  8094 | D:9      | Found a staircase to the Orcish Mines.
  8324 | D:9      | Identified the +2 plate armour of Mental Paralysis {rN+
                  | Stlth+} (Okawaru gifted it to you on level 9 of the
                  | Dungeon)
  8324 | D:9      | Received a gift from Okawaru
  8406 | D:9      | Reached skill level 1 in Conjurations
  8415 | D:9      | Noticed a two-headed ogre
  8425 | D:9      | Killed a two-headed ogre
  8426 | D:9      | Reached skill level 5 in Invocations
  8690 | D:9      | Found Umuboll's CLEARANCE SALE!.
  8698 | D:9      | Bought a scroll of identify for 12 gold pieces
  8698 | D:9      | Bought a scroll of identify for 12 gold pieces
  8722 | D:9      | Reached skill level 11 in Axes
  8733 | D:9      | Noticed Maggie
  8743 | D:9      | Killed Maggie
  9238 | D:10     | Entered Level 10 of the Dungeon
  9253 | D:10     | HP: 2/88 [yak (10)]
  9258 | D:10     | Reached XP level 11. HP: 59/94 MP: 15/15
  9491 | D:10     | Found an opulent altar of Gozag.
  9706 | D:10     | Found a runed translucent gate.
  9707 | D:10     | Found a runed translucent gate.
  9708 | D:10     | Found a runed translucent gate.
  9710 | D:10     | Noticed Mitcholas's ghost (journeyman DjFE)
  9761 | D:10     | Killed Mitcholas's ghost
 10025 | D:10     | Received a gift from Okawaru
 10177 | D:10     | Reached skill level 12 in Axes
 10287 | D:10     | Reached skill level 1 in Evocations
 10305 | D:10     | Identified the ring of Wuriseq {Ice SInv}
 10591 | D:10     | Noticed a two-headed ogre
 10597 | D:10     | Killed a two-headed ogre
 10598 | D:10     | Reached skill level 5 in Dodging
 11163 | D:11     | Noticed Fannar
 11182 | D:11     | Killed Fannar
 11554 | D:11     | Noticed a death yak
 11554 | D:11     | Noticed a two-headed ogre
 11561 | D:11     | Noticed a death yak
 11563 | D:11     | Noticed a death yak
 11569 | D:11     | Killed a two-headed ogre
 11570 | D:11     | Reached skill level 13 in Axes
 11577 | D:11     | Killed a death yak
 11577 | D:11     | Reached ****** piety under Okawaru
 11580 | D:11     | Identified the +1 hat "Uleleru" {Rampage} (Okawaru gifted
                  | it to you on level 11 of the Dungeon)
 11580 | D:11     | Received a gift from Okawaru
 11588 | D:11     | Killed a death yak
 11594 | D:11     | Killed a death yak
 11595 | D:11     | Reached XP level 12. HP: 35/104 MP: 11/16
 11597 | D:11     | Found a staircase to the Lair.
 11956 | D:11     | Noticed Erolcha
 11964 | D:11     | Killed Erolcha
 12392 | D:12     | Noticed Kirke
 12403 | D:12     | Reached skill level 10 in Armour
 12406 | D:12     | Noticed a sphinx
 12410 | D:12     | Killed Kirke
 12434 | D:12     | Reached skill level 14 in Axes
 12434 | D:12     | Reached skill level 1 in Hexes
 12885 | D:12     | Received a gift from Okawaru
 13139 | D:12     | Noticed a two-headed ogre
 13145 | D:12     | Killed a two-headed ogre
 13443 | D:11     | Noticed a two-headed ogre
 13449 | D:11     | Killed a two-headed ogre
 13733 | D:13     | Reached skill level 10 in Fighting
 13847 | D:13     | Noticed a five-headed hydra
 13858 | D:13     | Killed a five-headed hydra
 14113 | D:13     | Noticed Josephine
 14128 | D:13     | Killed Josephine
 14324 | D:13     | Reached skill level 5 in Earth Magic
 14356 | D:13     | Reached XP level 13. HP: 77/114 MP: 6/17
 14533 | D:13     | Identified the +1 leather armour "Janacku" {rElec}
 14989 | D:13     | Noticed a broodmother
 15001 | D:13     | Killed a broodmother
 16441 | D:14     | Reached skill level 15 in Axes
 16471 | D:14     | Received a gift from Okawaru
 16731 | D:14     | Found a gate to the Vaults.
 16731 | D:14     | Noticed an ironbound preserver
 16748 | D:14     | Killed an ironbound preserver
 17512 | D:14     | Identified the +0 pair of gloves of the Eagle {rPois rC+
                  | Int-5} (Okawaru gifted it to you on level 14 of the
                  | Dungeon)
 17512 | D:14     | Received a gift from Okawaru
 17795 | D:14     | Got Sif Muna's Reference Book on Geology and the Sky
 18008 | D:14     | Noticed Lodul
 18188 | D:14     | Killed Lodul
 18684 | D:15     | Entered Level 15 of the Dungeon
 18978 | D:15     | Identified the +0 ring mail of the Wary Realms {+Blink rF-
                  | Will+ Str+2}
 19842 | D:15     | Reached XP level 14. HP: 85/124 MP: 19/19
 19851 | D:15     | Identified the quicksilver dragon scales "Tijo" {Harm
                  | Will+} (Okawaru gifted it to you on level 15 of the
                  | Dungeon)
 19851 | D:15     | Received a gift from Okawaru
 21028 | D:15     | Gained mutation: Your flesh is heat resistant. (rF+)
                  | [potion of mutation]
 21028 | D:15     | Gained mutation: You have hidden genetic potential. [potion
                  | of mutation]
 21028 | D:15     | Gained mutation: You have great hidden genetic potential.
                  | [potion of mutation]
 21083 | D:15     | Identified the +4 long sword "Sirerghoqo" {vorpal, +Blink
                  | rC- rN+}
 21087 | D:15     | Reached skill level 16 in Axes
 21809 | D:15     | Found a staircase to the Depths.
 22042 | Lair:1   | Entered Level 1 of the Lair of Beasts
 22853 | Lair:2   | Identified the +11 war axe "Wiagem" {freeze, Will- Int+4
                  | SInv Stlth+} (Okawaru gifted it to you on level 2 of the
                  | Lair of Beasts)
 22853 | Lair:2   | Received a gift from Okawaru
 24160 | Lair:3   | Found a hole to the Spider Nest.
 24218 | Lair:3   | Found a staircase to the Shoals.
 24271 | Lair:3   | Learned a level 3 spell: Stone Arrow
 24286 | Lair:3   | Identified the +7 battleaxe of Okawaru's Pride {freeze,
                  | rF+} (Okawaru gifted it to you on level 3 of the Lair of
                  | Beasts)
 24286 | Lair:3   | Received a gift from Okawaru
 25227 | Lair:4   | Found a viscous altar of Jiyva.
 25227 | Lair:4   | Found a staircase to the Slime Pits.
 25665 | Orc:1    | Entered Level 1 of the Orcish Mines
 25677 | Orc:1    | Found a runed translucent door.
 25677 | Orc:1    | Noticed qeuew's ghost (journeyman HOFi)
 26238 | Orc:1    | Killed qeuew's ghost
 26456 | Orc:2    | Entered Level 2 of the Orcish Mines
 26472 | Orc:2    | Reached XP level 15. HP: 126/134 MP: 21/21
 26704 | Orc:2    | Reached skill level 10 in Dodging
 26733 | Orc:2    | Found a staircase to the Elven Halls.
 26762 | Orc:2    | Found Caronim's Antique Weapon Emporium.
 26844 | Orc:2    | Found Ybbutzih's Jewellery Emporium.
 26876 | Orc:2    | Received a gift from Okawaru
 26916 | Orc:2    | Gained mutation: You have sharp toenails. [hidden
                  | potential]
 26921 | Orc:2    | Found Xaill's Antique Armour Emporium.
 26921 | Orc:2    | Found Beirph's Distillery.
 26923 | Orc:2    | Found Xosuroryph's Magic Scroll Emporium.
 26923 | Orc:2    | Found Zogass's Antique Weapon Shop.
 26943 | Orc:2    | Bought a potion of resistance for 140 gold pieces
 26943 | Orc:2    | Bought a potion of heal wounds for 70 gold pieces
 26943 | Orc:2    | Bought a potion of curing for 42 gold pieces
 26945 | Orc:2    | Bought a potion of berserk rage for 70 gold pieces
 26956 | Orc:2    | Learned a level 5 spell: Lee's Rapid Deconstruction
 26963 | Orc:2    | Bought a scroll of blinking for 120 gold pieces
 26963 | Orc:2    | Bought a scroll of teleportation for 48 gold pieces
 26966 | Orc:2    | Bought a scroll of enchant weapon for 120 gold pieces
 26971 | Orc:2    | Bought a runed cloak for 142 gold pieces
 26971 | Orc:2    | Bought an embroidered cloak for 142 gold pieces
 27193 | Orc:2    | Found Kiofeamub's Assorted Antiques.
 27202 | Orc:2    | Bought a pair of runed boots for 240 gold pieces
 27202 | Orc:2    | Bought a potion of heal wounds for 160 gold pieces
 27202 | Orc:2    | Bought a scroll of brand weapon for 304 gold pieces
 27298 | Orc:2    | Found Headgh's Antique Weapon Shoppe.
 27693 | Lair:5   | Entered Level 5 of the Lair of Beasts
 28362 | Lair:5   | Identified the +2 broad axe of the Pits of Slime {vorpal,
                  | rElec Dex+3} (Okawaru gifted it to you on level 5 of the
                  | Lair of Beasts)
 28362 | Lair:5   | Received a gift from Okawaru
 28385 | Lair:5   | Reached skill level 10 in Invocations
 29678 | Lair:5   | Learned a level 2 spell: Passwall
 29717 | Lair:5   | Received a gift from Okawaru
 30674 | Spider:1 | Entered Level 1 of the Spider Nest
 30712 | Spider:1 | Reached skill level 17 in Axes
 31222 | Spider:1 | Noticed Asterion
 31243 | Spider:1 | Killed Asterion
 31243 | Spider:1 | Identified the +1 cloak of the Thirteen Hells {rN+ rCorr}
                  | (Okawaru gifted it to you on level 1 of the Spider Nest)
 31243 | Spider:1 | Received a gift from Okawaru
 31553 | Spider:1 | Noticed Aizul
 31574 | Spider:1 | Killed Aizul
 32019 | Spider:1 | Reached XP level 16. HP: 82/142 MP: 22/22
 32728 | Spider:2 | Gained mutation: You are strong-willed. (Will+) [hidden
                  | potential]
 32728 | Spider:2 | Lost mutation: You have great hidden genetic potential.
                  | [hidden potential expressed]
 32957 | Spider:2 | Acquired 1102 gold pieces
 32991 | Spider:2 | HP: 7/145 [entropy weaver (4)]
 33647 | Spider:2 | Noticed Frances
 33664 | Spider:2 | Killed Frances
 33883 | Spider:2 | Noticed Arachne
 33887 | Spider:1 | Identified the +5 steam dragon scales of the Storm King
                  | {Rampage Dex+7 SInv} (Okawaru gifted it to you on level 1
                  | of the Spider Nest)
 33887 | Spider:1 | Received a gift from Okawaru
 34260 | Spider:1 | HP: 4/146 [entropy weaver (21)]
 34260 | Spider:1 | Slain by an entropy weaver

Illustrated notes

Levels and vault maps discovered:
D:1:      dpeg_arrival_solitude, layout_loops_ring, st_stairs_12
D:2:      layout_basic, ebering_ecumenical_altar_abandoned, minmay_puff,
          uniq_jessica
D:3:      layout_rooms, doesnt_xom_only_xom
D:4:      layout_cave_pools, mainiacjoe_overflow_boulevard,
          gammafunk_temple_overflow_arena, nicolae_overflow_hidden_temple,
          serial_shops, nicolae_shop_statue_plus,
          chequers_serial_rivers_micro_e, uniq_menkaure
D:5:      layout_loops_ring, nicolae_kikubaaqudgha_miasma_corner, uniq_grinder
D:6:      layout_basic, good_gods_mini_temple, minmay_temple_entry_ruins,
          uniq_duvessa
D:7:      layout_rooms, nicolae_ru_path_of_blood, gammafunk_ghost_grave,
          uniq_prince_ribbit1
D:8:      layout_basic, overflow_temple_1_default, small_chamber_with_monster,
          uniq_pikel
D:9:      layout_long_grid, orc_0_dummy, nicolae_shop_clearance, uniq_maggie
D:10:     layout_roguey, grunt_gozag_breadcrumbs, gammafunk_ghost_necromancy,
          chequers_avenue
D:11:     layout_basic, dpeg_lair_monsters, uniq_erolcha, uniq_fannar
D:12:     layout_rooms, uniq_kirke
D:13:     layout_basic, uniq_josephine
D:14:     cheibrodos_wizards_tower, layout_stronghold,
          skrybe_vaults_entry_preservation, nrook_mini_vaults, uniq_lodul
D:15:     gammafunk_enter_depths_forms, layout_stronghold,
          minmay_misc_feat_enclosed
Lair:1:   layout_roguey
Lair:2:   layout_chaotic_city, grunt_megastairs_4, serial_bayou_shore_a,
          infiniplex_staircase_pool_2, lemuel_fruit_tree, lemuel_fruit_fields,
          serial_bayou_shore_b
Lair:3:   layout_hall_layers, minmay_shoals_entry_centaurs,
          nicolae_spider_entry_non_spiders
Lair:4:   layout_small_grid, slime_entry_1, infiniplex_staircase_pool
Lair:5:   due_jungle_book, layout_regular_city, grunt_megastairs_3
Spider:1: layout_spider_delve, uniq_aizul, uniq_asterion
Spider:2: layout_spider_delve, uniq_arachne, uniq_frances, uniq_jorgrun
Orc:1:    layout_caves, hellmonk_ghost_happy_afterlife, guppyfry_library_mini
Orc:2:    grunt_orc_tribal_feast, layout_diamond_mine, serial_shops,
          nicolae_shop_hallway_plus, nicolae_shop_trees, nicolae_lakefront_shop,
          shop

Skill      XL: |  1  2  3  4  5  6  7  8  9 10 11 12 13 14 15 16 |
---------------+-------------------------------------------------+-----
Armour         | 4 5 6 7 8 9 10 11 | 11.9
Fighting       | 4 5 6 7 9 10 11 12 13 14 | 14.1
Shields        | 4 5 |  5.7
Short Blades   | 1 2 3 |  3.2
Stealth        | 1 2 3 4 |  4.6
Dodging        | 1 2 3 4 6 7 8 9 11 | 11.5
Axes           | 3 4 7 9 11 13 14 15 16 17 | 17.2
Invocations    | 1 2 4 5 6 7 8 9 10 | 10.9
Spellcasting   | 1 2 3 4 |  4.9
Earth Magic    | 2 3 5 6 7 8 |  8.1
Conjurations   | 1 |  1.8
Evocations     | 1 2 |  2.0
Hexes          | 2 3 4 |  4.5
Throwing       | |  0.6

Action                   |  1- 3 |  4- 6 |  7- 9 | 10-12 | 13-15 | 16-18 || total
-------------------------+-------+-------+-------+-------+-------+-------++-------
Melee: War axe           |    14 |    18 |   192 |   410 |   912 |   135 ||  1681
       Headbutt          |     8 |    12 |    31 |   106 |   256 |    37 ||   450
       Short sword       |    72 |    83 |       |     7 |    29 |       ||   191
       Punch             |       |       |       |    11 |     2 |       ||    13
Throw: Javelin           |       |       |       |     2 |       |       ||     2
       Dart              |       |       |       |       |     4 |       ||     4
 Cast: Magic Dart        |       |       |       |    19 |     1 |       ||    20
       Searing Ray       |       |       |       |     1 |       |       ||     1
       Leda's Liquefacti |       |       |       |       |    31 |     2 ||    33
       Stone Arrow       |       |       |       |       |    21 |       ||    21
       Lee's Rapid Decon |       |       |       |       |     4 |     2 ||     6
       Passwall          |       |       |       |       |       |     1 ||     1
Invok: Heroism           |       |       |       |     4 |     9 |     3 ||    16
       Finesse           |       |       |       |       |     1 |     1 ||     2
Evoke: Wand              |       |       |       |     9 |    10 |       ||    19
  Use: Scroll            |     2 |     5 |    10 |     4 |    18 |     6 ||    45
       Potion            |       |     1 |     2 |     9 |     7 |     2 ||    21
 Stab: Sleeping          |       |       |       |     2 |    15 |       ||    17
       Distracted        |       |       |       |       |     3 |     1 ||     4
Armor: Scale mail        |    30 |    60 |    49 |    10 |       |       ||   149
       Ring mail         |       |       |       |   168 |   295 |    95 ||   558
       Skin              |       |       |       |    24 |       |       ||    24
       Leather armour    |       |       |       |       |     2 |       ||     2
Dodge: Dodged            |    44 |    48 |    90 |   279 |   571 |   133 ||  1165
Block: Buckler           |    19 |    19 |    50 |     8 |       |       ||    96
